 Dungeon Crawl Stone Soup version 0.31-a0-174-g85c54bcb58 (webtiles) character file.

Game seed: 5674237287696631069

193 Anon1729 the Trooper (level 5, -6/47 HPs)
             Began as a Minotaur Monk on June 15, 2023.
             Mangled by a killer bee (8 damage)
             ... on level 4 of the Dungeon.
             The game lasted 00:01:35 (2539 turns).

Anon1729 the Trooper (Minotaur Monk)                Turns: 2539, Time: 00:01:36

Health: -6/47      AC:  8    Str: 16    XL:     5   Next: 44%
Magic:  5/5        EV:  8    Int:  7    God:
Gold:   164        SH:  0    Dex: 14    Spells: 4/4 levels left

rFire   . . .        a - +0 short sword
rCold   . . .        d - orb {light}
rNeg    . . .        i - +0 chain mail
rPois   .            (helmet restricted)
rElec   .            (no cloak)
rCorr   .            (no gloves)
SInv    .            (no boots)
Will    .....        (no amulet) Stlth
                     (no ring)
HPRegen 0.27/turn    (no ring)
MPRegen 0.09/turn

%: no passive effects
@: brilliant, lethally poisoned (-6 -> -10), about to teleport, glowing
A: horns 2, retaliatory headbutt
a: no special abilities


You were on level 4 of the Dungeon.
You visited 1 branch of the dungeon, and saw 4 of its levels.

You collected 164 gold pieces.

Inventory:

Hand Weapons
 a - a +0 short sword (weapon)
Missiles
 j - a throwing net
 l - 5 curare-tipped darts
Armour
 b - a +0 robe
 d - an orb of light (worn)
 i - a +0 chain mail (worn)
Scrolls
 c - 3 scrolls of identify {unknown}
 e - a scroll of teleportation
 k - a scroll of fear {unknown}
 m - a scroll of immolation {unknown}
Potions
 h - a potion of cancellation


   Skills:
 + Level 4.6 Fighting
 + Level 4.1 Short Blades
 + Level 2.5 Armour
 + Level 4.2 Dodging
 + Level 2.2 Invocations


You had 4 spell levels left.
You didn't know any spells.
Your spell library contained the following spells:

 Spells                   Type           Power      Damage    Failure   Level
 Ensorcelled Hibernation  Hex/Ice        0%         N/A       100%        2
 Passwall                 Tmut/Erth      0%         N/A       100%        2
 Swiftness                Air            0%         N/A       100%        3
 Animate Armour           Summ/Erth      0%         N/A       100%        4
 Summon Lightning Spire   Summ/Air       0%         N/A       100%        4
 Blade Hands              Tmut           0%         N/A       100%        5


Dungeon Overview and Level Annotations

Branches:
Dungeon (4/15)
 Temple: D:4-7

Altars:


Innate Abilities, Weirdness & Mutations

You have a pair of horns on your head.
You reflexively headbutt those who attack you in melee.


Message History

It was a potion of curing.
You feel better.
The killer bee stings you but does no damage. x2
It was a potion of cancellation.
You feel magically purged.
The killer bee stings you but does no damage.
The killer bee barely misses you.
You hit the killer bee.
The killer bee is moderately wounded.
The killer bee stings you.
* * * LOW HITPOINT WARNING * * *
The killer bee stings you.
* * * LOW HITPOINT WARNING * * *
You feel better. The killer bee barely misses you.
The killer bee closely misses you. You furiously retaliate!
You headbutt the killer bee.
You hit the killer bee but do no damage.
The killer bee is moderately wounded.
The killer bee stings you.
* * * LOW HITPOINT WARNING * * *
You are poisoned.
The killer bee poisons you! The killer bee stings you!
* * * LOW HITPOINT WARNING * * *
You feel better. The killer bee stings you.
* * * LOW HITPOINT WARNING * * *
The killer bee stings you.
* * * LOW HITPOINT WARNING * * *
You are poisoned.
The killer bee poisons you!
You aren't carrying any items that you can evoke.
As you read the scroll labelled SEPAQE EDORPHISKET, it crumbles to dust.
You feel strangely unstable.
It was a scroll of teleportation.
* * * LOW HITPOINT WARNING * * *
You feel sick.
The killer bee stings you but does no damage.
The killer bee stings you.
* * * LOW HITPOINT WARNING * * *
It was a potion of brilliance.
You feel clever all of a sudden.
* * * LOW HITPOINT WARNING * * *
You feel sick. The killer bee stings you!
You die...

##.....###....#
#..#'#...#....##
##.##†##..#......
#..#.†.#.........
#.#######.>......
##.# #......##
##..# +........
#..#########.......
#.@#o.....?#..####.
#..yw.....$#.## #.
#..#l.....?#.# #.
#..######### ##
#... # #.#. # #...#
# ## .. .


You could see a wyvern, a killer bee and a dart slug.

Vanquished Creatures
  Jessica (D:3)
  Terence (D:3)
  Natasha (D:4)
  2 gnolls (D:3)
  4 adders
  3 dart slugs
  4 bats
  8 endoplasms
  3 giant cockroaches
  4 goblins
  5 hobgoblins
  2 jackals (D:1)
  3 quokkas
  8 ball pythons
  3 frilled lizards
  6 kobolds
  2 rats
60 creatures vanquished.

Notes
Turn   | Place    | Note
-------+----------+-------------------------------------------
     0 | D:1      | Anon1729 the Minotaur Monk began the quest for the Orb.
     0 | D:1      | Reached XP level 1. HP: 19/19 MP: 0/0
   101 | D:1      | You fall into a shaft and drop 1 floor!
   207 | D:2      | Reached skill level 1 in Armour
   207 | D:2      | Reached XP level 2. HP: 26/27 MP: 1/1
   374 | D:2      | Reached skill level 1 in Invocations
   374 | D:2      | Reached XP level 3. HP: 33/33 MP: 2/2
  1626 | D:3      | Noticed Jessica
  1629 | D:3      | Killed Jessica
  1630 | D:3      | Reached XP level 4. HP: 40/40 MP: 4/4
  1743 | D:3      | Noticed Terence
  1756 | D:3      | Killed Terence
  1870 | D:3      | Reached XP level 5. HP: 47/47 MP: 5/5
  2357 | D:4      | Noticed Natasha
  2366 | D:4      | Killed Natasha
  2521 | D:4      | Noticed a wyvern
  2531 | D:4      | HP: 1/47 [killer bee (6)]
  2539 | D:4      | HP: 2/47 [poisoned by a killer bee]
  2539 | D:4      | Mangled by a killer bee

Illustrated notes

Levels and vault maps discovered:
D:1:      kilobyte_arrival_exit_the_forest, layout_basic
D:2:      layout_rooms, chequers_serial_rivers_room_b, grunt_ministairs_5,
          hangedman_decor_opposing
D:3:      wad_woods_pond, layout_basic, uniq_jessica, uniq_terence
D:4:      layout_basic, lemuel_tele_altar, serial_rivers,
          chequers_serial_rivers_micro_d, chequers_serial_rivers_large_a,
          chequers_serial_rivers_micro_d, chequers_serial_rivers_micro_c,
          chequers_serial_rivers_small_a, minmay_divided_ellipse, uniq_natasha

Skill      XL: |  1  2  3  4  5 |
---------------+----------------+-----
Armour         | 1 2 |  2.5
Fighting       | 4 |  4.6
Invocations    | 1 2 |  2.2
Dodging        | 4 |  4.2
Short Blades   | 4 |  4.1

Action                     |  1- 3 |  4- 6 || total
---------------------------+-------+-------++-------
  Melee: Short sword       |    95 |    70 ||   165
         Headbutt          |    15 |    26 ||    41
    Use: Potion            |     1 |     5 ||     6
         Scroll            |       |     1 ||     1
 Armour: Robe              |     8 |       ||     8
         Chain mail        |       |    25 ||    25
  Dodge: Dodged            |    64 |    20 ||    84

Table legend: (Time is in decaauts)
 A = Elapsed time spent in this place.
 B = Non-inter-level travel time spent in this place.
 C = Inter-level travel time spent in this place.
 D = Time resting spent in this place.
 E = Time spent auto-exploring this place.
 F = Levels seen in this place.
 G = Mean time per level.
                   A        B        C        D        E       F      G
               +--------+--------+--------+--------+--------+-----+--------+
         Total |   2524 |   2345 |    179 |     77 |   1918 |   4 |  631.0 |
       Dungeon |   2524 |   2345 |    179 |     77 |   1918 |   4 |  631.0 |
               +--------+--------+--------+--------+--------+-----+--------+

Top non-repeatable levels by time:
     D:1: 862 daAuts
     D:2: 747 daAuts
     D:3: 667 daAuts
     D:4: 247 daAuts
